 Dungeon Crawl Stone Soup version 0.31-a0-986-g5e6e4ef867 (webtiles) character file.

Game seed: 166497496585746925

2274 Lobster4 the Conjurer (level 9, -1/50 HPs)
             Began as a Deep Elf Conjurer on Nov 9, 2023.
             Killed by divine providence
             ... invoked by an orc priest
              (12 damage)
             ... on level 8 of the Dungeon.
             The game lasted 00:21:17 (7676 turns).

Lobster4 the Conjurer (Deep Elf Conjurer)           Turns: 7676, Time: 00:21:18

Health: -1/50      AC:  5    Str:  4    XL:     9   Next: 16%
Magic:  15/20      EV: 29    Int: 28    God:
Gold:   133        SH:  0    Dex: 14    Spells: 7/20 levels left

rFire   + . .        a - +3 quarterstaff of Iply {protect, rPois rC+ Will++ rCorr Dex-5}
rCold   + + .        (shield currently unavailable)
rNeg    . . .        D - +0 robe
rPois   +            (no helmet)
rElec   .            (no cloak)
rCorr   +            (no gloves)
SInv    .            C - +2 pair of boots of the Apothecary {rC+ Dex+6}
Will    ++...        n - amulet of the acrobat
Stlth   +++          x - ring of protection from fire
HPRegen 0.28/turn    (no ring)
MPRegen 0.17/turn

%: acrobat
@: acrobatic
A: no striking features
a: no special abilities


You were on level 8 of the Dungeon.
You visited 2 branches of the dungeon, and saw 9 of its levels.

You collected 289 gold pieces.
You spent 156 gold pieces at shops.

Inventory:

Hand Weapons
 a - the +3 quarterstaff of Iply (weapon) {protect, rPois rC+ Will++ rCorr Dex-5}
   (You found it on level 7 of the Dungeon)

   Dex-5:     It affects your dexterity (-5).
   rC+:       It protects you from cold.
   rPois:     It protects you from poison Will++: It greatly increases your
   willpower.
   rCorr:     It protects you from acid and corrosion.
 e - a +0 dagger
 i - a +0 quarterstaff
 o - a +0 short sword
 q - a +1 whip of flaming
 t - a +0 sling
 u - a +1 rapier
Missiles
 j - a throwing net
 k - 32 poisoned darts (quivered)
 y - 2 javelins
Armour
 w - a +0 pair of boots
 C - the +2 pair of boots of the Apothecary (worn) {rC+ Dex+6}
   (You found it on level 6 of the Dungeon)

   Dex+6:     It affects your dexterity (+6).
   rC+:       It protects you from cold.
 D - a +0 robe (worn)
Magical Staves
 f - a staff of fire
Jewellery
 d - a ring of ice
 n - an amulet of the acrobat (around neck)
 x - a ring of protection from fire (left hand)
Wands
 E - a wand of digging (8)
Scrolls
 c - a scroll of noise
 h - 3 scrolls of enchant weapon
 s - 2 scrolls of amnesia
Potions
 b - 2 potions of magic
 g - 2 potions of haste {unknown}
 l - a potion of lignification
 m - a potion of curing
 p - 2 potions of mutation
 r - 2 potions of invisibility
 v - 3 potions of berserk rage {unknown}
 z - 2 potions of heal wounds {unknown}
 A - a potion of resistance
 B - a potion of brilliance {unknown}


   Skills:
 - Level 3.0 Fighting
 - Level 2.0 Short Blades
 + Level 3.9 Staves
 + Level 2.5 Armour
 + Level 5.4 Dodging
 + Level 5.9 Stealth
 + Level 6.1 Spellcasting
 + Level 6.2 Conjurations
 + Level 4.2 Hexes
 + Level 3.1 Translocations
 + Level 0.2 Ice Magic
 - Level 3.0 Evocations


You had 7 spell levels left.
You knew the following spells:

 Your Spells              Type           Power      Damage    Failure   Level
a - Magic Dart            Conj           100%       1d8       1%          1
b - Searing Ray           Conj           86%        2d7       1%          2
c - Dazzling Flash        Conj/Hex       74%        N/A       1%          3
d - Iskenderun's Mystic   Conj/Tloc      35%        2d8       9%          4
e - Frozen Ramparts       Ice            18%        1d3       16%         3

Your spell library contained the following spells:

 Spells                   Type           Power      Damage    Failure   Level
 Fulminant Prism          Conj/Hex       18%        3d10      7%          4
 Sublimation of Blood     Necr           8%         N/A       9%          2
 Irradiate                Conj/Tmut      13%        3d16      41%         5
 Petrify                  Tmut/Erth      8%         N/A       52%         4
 Metabolic Englaciation   Hex/Ice        10%        N/A       56%         5


Dungeon Overview and Level Annotations

Branches:
Dungeon (8/15)             Temple (1/1) D:7
   Lair: D:8-11

Altars:
Cheibriados
Dithmenos
Elyvilon
Fedhas
Gozag
Hepliaklqana
Kikubaaqudgha
Makhleb
Okawaru
Qazlal
Ru
Sif Muna
Trog
Uskayaw
Wu Jian
Xom
Yredelemnul
Zin
The Shining One

Shops:
D:7 !

Annotations:
D:3 exclusion: water moccasin
D:4 1 exclusion
D:6 exclusion: gargoyle, Edmund, Sigmund


Message History

Aim: an orc, wielding a +2 hand axe of electrocution (wandering, hasn't noticed you, 82% to hit)
The searing ray hits the orc.
The orc is heavily wounded.
The orc shouts! (Press . to maintain the ray.)
The gnoll shouts!
The orc shouts!
The gnoll sergeant shouts!
The gnoll shouts! x2
The orc priest looks encouraged for a moment.
The orc priest calls down the wrath of Beogh upon you.
Beogh smites you!
The gnoll shouts!
The orc attacks as it pursues you! The orc closely misses you.
The orc attacks as it pursues you!
The orc hits you with a +2 hand axe of electrocution.
You are electrocuted!
Casting: Searing Ray (safe; 1% risk of failure)
Confirm with . or Enter, or press ? or * to list all spells.
Aiming: Searing Ray (safe; 1% risk of failure)
Press: ? - help, Shift-Dir - straight line, f/p - orc
Aim: an orc, wielding a +2 hand axe of electrocution (heavily wounded, 82% to hit)
The searing ray hits the orc.
You kill the orc!
The searing ray hits the gnoll!
The gnoll is heavily wounded.
The searing ray hits the orc priest.
The orc priest is moderately wounded. (Press . to maintain the ray.)
The searing ray hits the gnoll.
You kill the gnoll!
The searing ray hits the orc priest.
The orc priest is severely wounded.
The orc priest calls down the wrath of Beogh upon you.
Beogh smites you!
* * * LOW HITPOINT WARNING * * *
The searing ray hits the orc priest.
The orc priest is severely wounded.
The searing ray hits the gnoll sergeant.
The gnoll sergeant is lightly wounded.
The orc priest mumbles some strange prayers to Beogh against you.
Beogh smites you!
You die...

............#~≈~≈~#
##.........##≈~≈~≈#
##..........###'###
............# #.#.#
##<####.....# #...#
#.# ...##.# ###.#
##.###...# .# #..#
....# ..## #.##
##..##..... #@#
#......... #)#
###.##....# #)#####
#......#.. #og...#
#....### # #g###.#
.....# g.g..%.#o.#
#>...# ..g(g.g ..#
#....+ ###'### ..+
#.#..# +. ..#


You could see a gnoll sergeant, 2 orc priests and 2 gnolls.

Vanquished Creatures
  A water moccasin (D:7)
  An ice beast (D:6)
  3 sky beasts
  A black bear (D:5)
  A phantom (D:6)
  A kobold brigand (D:8)
  3 bullfrogs (D:7)
  5 scorpions
  6 wights (D:7)
  4 hounds
  3 jellies
  An orc priest (D:5)
  8 iguanas
  4 orc wizards
  9 gnolls
  3 adders
  2 shadow imps
  4 worms
  A dart slug (D:2)
  12 orcs
  2 endoplasms (D:2)
  5 giant cockroaches
  6 hobgoblins
  3 jackals (D:1)
  2 quokkas
  A ball python (D:2)
  4 bats
  3 frilled lizards
  11 goblins
  12 kobolds
  2 rats (D:2)
124 creatures vanquished.

Notes
Turn   | Place    | Note
-------+----------+-------------------------------------------
     0 | D:1      | Lobster4 the Deep Elf Conjurer began the quest for the Orb.
     0 | D:1      | Reached XP level 1. HP: 10/10 MP: 6/6
   315 | D:1      | Reached XP level 2. HP: 13/15 MP: 0/8
   318 | D:1      | Learned a level 2 spell: Searing Ray
  1140 | D:2      | Reached XP level 3. HP: 20/20 MP: 2/9
  1983 | D:3      | Reached skill level 1 in Short Blades
  1988 | D:3      | Reached skill level 1 in Fighting
  2160 | D:3      | Reached XP level 4. HP: 17/25 MP: 2/11
  2348 | D:3      | Reached skill level 1 in Staves
  2427 | D:3      | Noticed a water moccasin
  2522 | D:3      | Found a hazy altar of Hepliaklqana.
  2861 | D:4      | Identified the "Boapt"
  2863 | D:4      | You fall into a shaft and drop 2 floors!
  2883 | D:5      | Entered Level 5 of the Dungeon
  2887 | D:5      | Reached XP level 5. HP: 29/29 MP: 7/12
  2995 | D:4      | Reached skill level 5 in Conjurations
  3058 | D:4      | Learned a level 3 spell: Dazzling Flash
  3078 | D:4      | Reached XP level 6. HP: 34/34 MP: 5/14
  3606 | D:4      | Found a shimmering blue altar of Sif Muna.
  3695 | D:4      | Reached skill level 1 in Hexes
  3900 | D:4      | Reached skill level 1 in Evocations
  4013 | D:5      | Reached XP level 7. HP: 40/40 MP: 6/15
  4193 | D:5      | Reached skill level 1 in Armour
  4391 | D:4      | Learned a level 4 spell: Iskenderun's Mystic Blast
  4968 | D:5      | Reached skill level 5 in Spellcasting
  4968 | D:5      | Reached skill level 1 in Translocations
  5303 | D:6      | Reached XP level 8. HP: 38/45 MP: 8/17
  5405 | D:6      | Noticed Edmund
  5557 | D:6      | Noticed Sigmund
  5890 | D:6      | Reached skill level 5 in Stealth
  6152 | D:6      | Identified the +2 pair of boots of the Apothecary {rC+
                  | Dex+6}
  6152 | D:6      | Noticed a gargoyle
  6296 | D:7      | Reached skill level 5 in Dodging
  6364 | D:7      | Found a sacrificial altar of Ru.
  6426 | D:7      | Found Gitiamap's Distillery.
  6435 | D:7      | Bought a potion of degeneration for 13 gold pieces
  6438 | D:7      | Bought a potion of curing for 39 gold pieces
  6438 | D:7      | Bought a potion of invisibility for 104 gold pieces
  6478 | D:7      | Found a glowing silver altar of Zin.
  6479 | D:7      | Found an iron altar of Okawaru.
  6479 | D:7      | Found a glowing golden altar of the Shining One.
  6479 | D:7      | Found a hide-covered altar of Uskayaw.
  6761 | D:7      | Identified the +3 quarterstaff of Iply {protect, rPois rC+
                  | Will++ rCorr Dex-5}
  6924 | D:7      | Reached XP level 9. HP: 50/50 MP: 13/20
  7104 | D:7      | Learned a level 3 spell: Frozen Ramparts
  7139 | D:7      | Found a staircase to the Ecumenical Temple.
  7159 | Temple   | Entered the Ecumenical Temple
  7676 | D:8      | Killed from afar by an orc priest

Illustrated notes

Levels and vault maps discovered:
D:1:      matt_arrival_diagonals, layout_loops_ring, nicolae_the_louvre
D:2:      layout_loops_ring, nicolae_concentric_dashed_squares_mild
D:3:      layout_rooms, mainiacjoe_overflow_alcove_2
D:4:      layout_rooms, led_sif_book
D:5:      layout_basic
D:6:      layout_cave_pools, sigmund_edmund_badplayer
D:7:      layout_loops_ring, mainiacjoe_overflow_concentric_impassable,
          chequers_temple_overflow_statue_of_worship,
          minmay_temple_entry_statues_fountains, serial_shops, shop,
          st_stairs_1, minmay_misc_feat_tiny
D:8:      minmay_the_grid_octo_tiled_squarecenter
          [minmay_the_grid_octo_tetromino_candy, minmay_the_grid_octo_toaster,
          minmay_the_grid_octo_teeth, minmay_the_grid_octo_focus,
          minmay_the_grid_square_5x5_megaprize_hollow,
          minmay_the_grid_square_5x5_eight,
          minmay_the_grid_square_5x5_inverted_slash,
          minmay_the_grid_square_5x5_percent,
          minmay_the_grid_square_5x5_broken_cross], layout_loops_ring,
          mainiacjoe_overflow_paths, mainiacjoe_overflow_24_doors,
          serial_rivers, chequers_serial_rivers_room_b,
          chequers_serial_rivers_room_a, chequers_serial_rivers_marsh,
          chequers_serial_rivers_room_b, uniq_grum
Temple:   nicolae_temple_slightly_damp_pantheon

Skill      XL: |  1  2  3  4  5  6  7  8  9 |
---------------+----------------------------+-----
Stealth        | 3 4 5 |  5.9
Dodging        | 3 4 5 |  5.4
Short Blades   | 1 2 |  2.0
Fighting       | 1 2 3 |  3.0
Staves         | 1 2 3 |  3.9
Spellcasting   | 4 5 6 |  6.1
Conjurations   | 5 6 |  6.2
Hexes          | 1 2 3 4 |  4.2
Evocations     | 1 2 3 |  3.0
Armour         | 1 2 |  2.5
Translocations | 1 2 3 |  3.1
Ice Magic      | |  0.2

Action                     |  1- 3 |  4- 6 |  7- 9 || total
---------------------------+-------+-------+-------++-------
  Melee: Rapier            |       |       |     2 ||     2
         Dagger            |       |       |     1 ||     1
   Cast: Magic Dart        |    65 |    57 |    63 ||   185
         Searing Ray       |    10 |    15 |    51 ||    76
         Dazzling Flash    |       |       |     1 ||     1
    Use: Scroll            |       |     2 |    12 ||    14
   Stab: Sleeping          |       |       |     2 ||     2
 Armour: Robe              |     6 |     4 |    21 ||    31
  Dodge: Dodged            |     9 |    15 |    53 ||    77

Table legend: (Time is in decaauts)
 A = Elapsed time spent in this place.
 B = Non-inter-level travel time spent in this place.
 C = Inter-level travel time spent in this place.
 D = Time resting spent in this place.
 E = Time spent auto-exploring this place.
 F = Levels seen in this place.
 G = Mean time per level.
                   A        B        C        D        E       F      G
               +--------+--------+--------+--------+--------+-----+--------+
         Total |   7674 |   7427 |    247 |    758 |   5597 |   9 |  852.7 |
       Dungeon |   7672 |   7425 |    247 |    758 |   5597 |   8 |  959.0 |
        Temple |      1 |      1 |      0 |      0 |      0 |   1 |    1.0 |
               +--------+--------+--------+--------+--------+-----+--------+

Top non-repeatable levels by time:
     D:2: 1274 daAuts
     D:5: 1235 daAuts
     D:7: 1187 daAuts
     D:4: 1158 daAuts
     D:6: 1032 daAuts
     D:3: 844 daAuts
     D:1: 741 daAuts
     D:8: 199 daAuts
  Temple: 1 daAuts
